 Dungeon Crawl Stone Soup version 0.31-a0-187-gba352fbbf7 (webtiles) character file.

Game seed: 9113122861371837792

336 qw the Skirmisher (level 6, -11/35 HPs)
             Began as a Deep Elf Hunter on June 22, 2023.
             Was an Initiate of Okawaru.
             Killed from afar by a gargoyle (19 damage)
             ... with a stone arrow
             ... on level 5 of the Dungeon.
             The game lasted 00:01:15 (3353 turns).

qw the Skirmisher (Deep Elf Hunter)                 Turns: 3353, Time: 00:01:15

Health: -11/35     AC: 12    Str: 10    XL:     6   Next: 28%
Magic:  8/8        EV: 12    Int: 14    God:    Okawaru [......]
Gold:   18         SH:  0    Dex: 18    Spells: 5/5 levels left

rFire   . . .        Y - +1 shortbow
rCold   . . .        (shield currently unavailable)
rNeg    . . .        d - +0 ring mail
rPois   +            (no helmet)
rElec   .            k - +1 cloak
rCorr   .            (no gloves)
SInv    .            h - +0 pair of boots
Will    .....        (no amulet)
Stlth   +            l - ring of poison resistance
HPRegen 0.25/turn    f - +4 ring of protection
MPRegen 0.11/turn

%: no passive effects
@: about to teleport
A: no striking features
a: Renounce Religion


You were on level 5 of the Dungeon.
You worshipped Okawaru.
Okawaru was noncommittal.
You visited 2 branches of the dungeon, and saw 6 of its levels.

You collected 201 gold pieces.
You spent 183 gold pieces at shops.


   Skills:
 - Level 2.0 Fighting
 - Level 9.0 Ranged Weapons
 + Level 0.9 Armour
 - Level 3.8 Dodging
 - Level 1.2 Stealth


You had 5 spell levels left.
You didn't know any spells.
Your spell library was empty.

Inventory:

Hand Weapons
 Y - a +1 shortbow (weapon)
Armour
 d - a +0 ring mail (worn)
 h - a +0 pair of boots (worn)
 k - a +1 cloak (worn)
Jewellery
 c - a ring of willpower
 f - a +4 ring of protection (right hand)
 l - a ring of poison resistance (left hand)
Scrolls
 m - a scroll of identify
Potions
 b - a potion of cancellation
 g - a potion of mutation
 i - a potion of brilliance {unknown}
 j - a potion of curing {unknown}

Dungeon Overview and Level Annotations

Branches:
Dungeon (5/15)             Temple (1/1) D:4

Altars:
Cheibriados
Dithmenos
Elyvilon
Fedhas
Gozag
Kikubaaqudgha
Makhleb
Nemelex Xobeh
Okawaru
Qazlal
Ru
Sif Muna
Trog
Vehumet
Wu Jian
Yredelemnul
Zin

Shops:
D:4 ?[=


Message History

Enter note:
Enter note:
Found a book of Geomancy.
Enter note:
Enter note:
Enter note: A gargoyle and an iguana come into view.
Enter note:
Enter note:
Enter note: You shoot an arrow.
The arrow closely misses the gargoyle.
The iguana hisses angrily.
You shoot an arrow.
The arrow hits the gargoyle but does no damage.
You shoot an arrow. The arrow barely misses the gargoyle.
You shoot an arrow. The arrow hits the gargoyle.
The gargoyle is moderately damaged.
You shoot an arrow. The arrow barely misses the gargoyle.
The gargoyle hurls a stone arrow at you.
The stone arrow misses you.
The iguana bites you but does no damage.
You shoot an arrow.
The arrow hits the gargoyle but does no damage.
The gargoyle is lightly damaged.
The iguana barely misses you. The gargoyle closely misses you.
You shoot an arrow.
The arrow hits the gargoyle but does no damage.
The gargoyle is lightly damaged.
The iguana bites you.
The gargoyle hurls a stone arrow at you.
The stone arrow hits you!!
Ouch! That really hurt!
3353 ||| READING scroll of teleportation.
As you read the scroll of teleportation, it crumbles to dust.
You feel strangely unstable.
The iguana bites you but does no damage.
The gargoyle hurls a stone arrow at you.
The stone arrow hits you!!
Ouch! That really hurt!
You die...

. ##...............
#...... ##..............
#...... ##.............
#...... ##............
...... ##...........
#.... ##......<...
#....## ##......#..
#...9l### ##.....#..
#....@..### ##....#..
............### #.......
###...........###.......
#......................
#..................#...
#.:..................#.
#..........#...........
...........#.....#....#
................#.....


You could see a gargoyle and an iguana.

Vanquished Creatures
  A phantom (D:4)
  A jelly (D:5)
  A sleepcap (D:4)
  Jessica (D:3)
  An iguana (D:4)
  An orc wizard (D:3)
  4 adders
  A worm (D:2)
  4 dart slugs
  8 orcs
  6 bats
  5 endoplasms
  6 giant cockroaches
  9 goblins
  3 hobgoblins
  4 jackals (D:3)
  3 quokkas
  6 ball pythons
  4 frilled lizards (D:2)
  7 kobolds
  2 rats (D:1)
78 creatures vanquished.

Notes
Turn   | Place    | Note
-------+----------+-------------------------------------------
     0 | D:1      | qw the Deep Elf Hunter began the quest for the Orb.
     0 | D:1      | Reached XP level 1. HP: 12/12 MP: 3/3
     0 | D:1      | 0 ||| qw: Version: 0.3-a-9-g12657ce
     0 | D:1      | 0 ||| qw: Game counter: 2280
     0 | D:1      | 0 ||| qw: Always use a shield: true
     0 | D:1      | 0 ||| qw: God list: Okawaru
     0 | D:1      | 0 ||| qw: Allow faded altars: false
     0 | D:1      | 0 ||| qw: Do Orc after D:15 true
     0 | D:1      | 0 ||| qw: Do second Lair branch before Depths: true
     0 | D:1      | 0 ||| qw: Lair rune preference: random
     0 | D:1      | 0 ||| qw: Plans: Normal
     0 | D:1      | 0 ||| PLANNING D:1-11
    24 | D:1      | Reached skill level 6 in Ranged Weapons
    24 | D:1      | Reached XP level 2. HP: 6/16 MP: 4/4
    31 | D:1      | 31 ||| FLEEEEING.
    32 | D:1      | 32 ||| FLEEEEING.
    33 | D:1      | 33 ||| FLEEEEING.
    34 | D:1      | 34 ||| FLEEEEING.
   137 | D:1      | 137 ||| FLEEEEING.
   138 | D:1      | 138 ||| FLEEEEING.
   139 | D:1      | 139 ||| FLEEEEING.
   140 | D:1      | 140 ||| FLEEEEING.
   141 | D:1      | 141 ||| FLEEEEING.
   142 | D:1      | 142 ||| FLEEEEING.
   143 | D:1      | 143 ||| FLEEEEING.
   273 | D:1      | Reached XP level 3. HP: 20/20 MP: 5/5
   360 | D:1      | 360 ||| UPGRADING to ring of willpower.
   361 | D:1      | 361 ||| READING scroll labelled CUIVVE ONO NAG.
   399 | D:1      | 399 ||| READING scroll labelled RAHOPUOCEO.
   400 | D:1      | 400 ||| READING scroll labelled ENABBE BAIGH.
   501 | D:1      | 501 ||| READING scroll labelled OKHYGUM DIUNN.
   502 | D:1      | 502 ||| DROPPING scroll of butterflies.
   639 | D:2      | 639 ||| FLEEEEING.
   643 | D:2      | Reached skill level 7 in Ranged Weapons
   994 | D:2      | Reached XP level 4. HP: 10/25 MP: 6/6
  1252 | D:2      | 1252 ||| READING 2 scrolls labelled IFFIAG QIES.
  1256 | D:2      | 1256 ||| READING scroll labelled SODOONUMOO.
  1602 | D:3      | Noticed Jessica
  1603 | D:3      | Killed Jessica
  1604 | D:3      | Reached skill level 8 in Ranged Weapons
  1752 | D:3      | Reached XP level 5. HP: 12/29 MP: 7/7
  1892 | D:3      | 1892 ||| UPGRADING to +1 cloak.
  1897 | D:3      | 1897 ||| UPGRADING to +4 ring of protection.
  1898 | D:3      | 1898 ||| READING scroll labelled RUG DIAFOX.
  1899 | D:3      | 1899 ||| READING scroll labelled QYMOTI PACVOI.
  2010 | D:4      | Found an ornate altar of the Wu Jian Council.
  2046 | D:4      | Found a sparkling altar of Nemelex Xobeh.
  2141 | D:4      | Found Ohowiurgh's Antique Armour Shop.
  2144 | D:4      | 2144 ||| SHOPLISTING bloodstained scale mail (234 gold,
                  | have 165).
  2144 | D:4      | 2144 ||| BUYING pair of boots (117 gold).
  2144 | D:4      | Bought a pair of boots for 117 gold pieces
  2144 | D:4      | 2144 ||| SHOPLISTING runed leather armour (130 gold, have
                  | 48).
  2192 | D:4      | Reached skill level 9 in Ranged Weapons
  2278 | D:4      | Found a snail-covered altar of Cheibriados.
  2283 | D:4      | Found a shadowy altar of Dithmenos.
  2284 | D:4      | Noticed a phantom
  2294 | D:4      | Killed a phantom
  2295 | D:4      | Reached skill level 3 in Dodging
  2307 | D:4      | Found Kegabaad's Jewellery Shoppe.
  2323 | D:4      | Reached XP level 6. HP: 32/35 MP: 8/8
  2348 | D:4      | 2348 ||| SHOPLISTING amulet "Viadag" {Faith Dex+2 Stlth+}
                  | (702 gold, have 58).
  2348 | D:4      | 2348 ||| SHOPLISTING amulet of regeneration (390 gold, have
                  | 58).
  2348 | D:4      | 2348 ||| SHOPLISTING ring of poison resistance (260 gold,
                  | have 58).
  2348 | D:4      | 2348 ||| SHOPLISTING ring of protection from fire (325
                  | gold, have 58).
  2348 | D:4      | 2348 ||| SHOPLISTING ring of see invisible (195 gold, have
                  | 58).
  2686 | D:4      | Found a staircase to the Ecumenical Temple.
  2687 | D:4      | 2687 ||| PLANNING TEMPLE
  2687 | D:4      | 2687 ||| UPGRADING to +0 ring mail.
  2697 | D:4      | 2697 ||| DROPPING +0 leather armour.
  2698 | D:4      | 2698 ||| UPGRADING to +0 pair of boots.
  2703 | D:4      | 2703 ||| UPGRADING to ring of poison resistance.
  2711 | Temple   | Entered the Ecumenical Temple
  2795 | Temple   | 2795 ||| PLANNING OKAWARU WORSHIP
  2877 | Temple   | Became a worshipper of Warmaster Okawaru
  2878 | Temple   | 2878 ||| PLANNING D:1-11
  3079 | D:4      | Found Ugetiycu's Magic Scroll Emporium.
  3088 | D:4      | 3088 ||| BUYING 2 scrolls of identify (44 gold).
  3088 | D:4      | Bought 2 scrolls of identify for 44 gold pieces
  3088 | D:4      | 3088 ||| SHOPLISTING scroll of enchant weapon (82 gold,
                  | have 29).
  3088 | D:4      | 3088 ||| BUYING scroll of identify (22 gold).
  3088 | D:4      | Bought a scroll of identify for 22 gold pieces
  3088 | D:4      | 3088 ||| SHOPLISTING scroll of identify (22 gold, have 7).
  3248 | D:4      | 3248 ||| READING scroll labelled SYDUYQUQ RIWI.
  3249 | D:4      | 3249 ||| READING 3 scrolls of identify.
  3249 | D:4      | 3249 ||| IDENTIFYING bubbling yellow potion
  3250 | D:4      | 3250 ||| READING 2 scrolls of identify.
  3250 | D:4      | 3250 ||| IDENTIFYING white potion
  3255 | D:5      | Entered Level 5 of the Dungeon
  3256 | D:5      | 3256 ||| PLANNING SEWER
  3345 | D:5      | Noticed a gargoyle
  3352 | D:5      | HP: 7/35 [gargoyle/stone arrow (24)]
  3353 | D:5      | 3353 ||| READING scroll of teleportation.
  3353 | D:5      | Killed from afar by a gargoyle

Levels and vault maps discovered:
D:1:      wander_arrival_peaceful_grave, layout_rooms
D:2:      layout_loops_ring
D:3:      layout_loops_ring, chequers_serial_rivers_small_a,
          chequers_serial_rivers_small_a, uniq_jessica
D:4:      layout_layer_cave, mainiacjoe_overflow_large_starburst,
          mainiacjoe_overflow_big_doors, minmay_temple_entry_enclosed_plants,
          serial_shops, nicolae_shop_behind_doors, shop,
          nicolae_shop_advertising_works [nicolae_subvault_shop_adworks],
          kennysheep_minor_cross
D:5:      layout_basic, mainiacjoe_overflow_alcove_3, serial_rivers,
          chequers_serial_rivers_micro_a, chequers_serial_rivers_room_a,
          chequers_serial_rivers_micro_c, chequers_serial_rivers_small_3,
          lightli_sewer_entry_pipes, minmay_manual_mandibuliform
Temple:   hellmonk_temple_forest_ring

Skill      XL: |  1  2  3  4  5  6 |
---------------+-------------------+-----
Ranged Weapons | 6 7 8 9 |  9.0
Dodging        | 3 |  3.8
Fighting       | 2 |  2.0
Armour         | |  0.9
Stealth        | |  1.2

Action                     |  1- 3 |  4- 6 || total
---------------------------+-------+-------++-------
   Fire: Shortbow          |   120 |   133 ||   253
    Use: Scroll            |     4 |     8 ||    12
 Armour: Leather armour    |     9 |     9 ||    18
         Ring mail         |       |     2 ||     2
  Dodge: Dodged            |    24 |    29 ||    53

Table legend:
 A = Non-vault XP
 B = Vault XP
 C = Vault XP percentage of total XP
 D = Non-vault monster count
 E = Vault monster count
 F = Vault count percentage of total count
                 A         B        C        D         E       F
            +---------+---------+-------+---------+---------+-------
      Total |     444 |      37 |   7.7 |      77 |       1 |   1.3
            +---------+---------+-------+---------+---------+-------
        D:1 |      42 |       0 |   0.0 |      23 |       0 |   0.0
        D:2 |      69 |       0 |   0.0 |      19 |       0 |   0.0
        D:3 |      83 |      37 |  30.8 |      22 |       1 |   4.3
        D:4 |     204 |       0 |   0.0 |      11 |       0 |   0.0
        D:5 |      46 |       0 |   0.0 |       2 |       0 |   0.0
            +---------+---------+-------+---------+---------+-------
